 Dungeon Crawl Stone Soup version 0.31-a0-640-g39d97e502b (webtiles) character file.

Game seed: 4308572402299919533

52 qw the Shooter (level 3, 0/23 HPs)
             Began as a Gargoyle Hunter on Aug 27, 2023.
             Slain by a worm (8 damage)
             ... on level 3 of the Dungeon.
             The game lasted 00:00:34 (1136 turns).

qw the Shooter (Gargoyle Hunter)                    Turns: 1136, Time: 00:00:34

Health: 0/23       AC:  6    Str: 14    XL:     3   Next: 85%
Magic:  3/3        EV: 11    Int:  9    God:
Gold:   142        SH:  5    Dex: 15    Spells: 2/2 levels left

rFire   . . .        Y - +0 shortbow
rCold   . . .        (shield currently unavailable)
rNeg    + . .        c - +0 leather armour
rPois   inf          (no helmet)
rElec   +            (no cloak)
rCorr   .            (no gloves)
SInv    .            (no boots)
Will    +....        j - amulet of reflection
Stlth   ++           f - ring of willpower
HPRegen 0.23/turn    (no ring)
MPRegen 0.08/turn

%: reflection
@: no status effects
A: sickness immunity, AC +3, negative energy resistance 1, electricity
resistance, torment resistance 1, petrification resistance
a: no special abilities


You were on level 3 of the Dungeon.
You visited 1 branch of the dungeon, and saw 3 of its levels.

You collected 142 gold pieces.


Innate Abilities, Weirdness & Mutations

You are immune to sickness and miasma.
Your stone body is resilient. (AC +3)
You are immune to poison.
You resist negative energy. (rN+)
You are resistant to electric shocks. (rElec)
You are resistant to unholy torment.
You are immune to petrification.


   Skills:
 - Level 3.0 Fighting
 + Level 5.0 Ranged Weapons
 - Level 1.5 Dodging
 - Level 1.1 Stealth


You had 2 spell levels left.
You didn't know any spells.
Your spell library was empty.

Inventory:

Hand Weapons
 Y - a +0 shortbow (weapon)
Armour
 b - a +0 ring mail
 c - a +0 leather armour (worn)
Jewellery
 f - a ring of willpower (left hand)
 j - an amulet of reflection (around neck)
Scrolls
 h - 2 scrolls of teleportation
 k - 2 scrolls of identify
Potions
 a - a potion of ambrosia {unknown}
 d - a potion of berserk rage {unknown}
 e - a potion of might {unknown}
 g - 2 potions of resistance {unknown}
 i - a potion of attraction {unknown}

Dungeon Overview and Level Annotations

Branches:
Dungeon (3/15)

Altars:


Message History

You shoot an arrow. The arrow hits the worm.
The worm is lightly wounded.
A rat comes into view.
You shoot an arrow. The arrow closely misses the rat.
You shoot an arrow. The arrow hits the rat.
You kill the rat!
You shoot an arrow. The arrow hits the worm.
The worm is moderately wounded.
You shoot an arrow.
The arrow hits the worm but does no damage.
The worm is moderately wounded.
You shoot an arrow. The arrow hits the worm!
The worm is severely wounded.
You shoot an arrow.
The arrow hits the worm but does no damage.
The worm is heavily wounded.
You shoot an arrow. The arrow hits the worm.
The worm is severely wounded.
You shoot an arrow.
The arrow hits the worm but does no damage.
The worm is severely wounded.
You shoot an arrow.
The arrow hits the worm but does no damage.
The worm is heavily wounded.
You shoot an arrow. The arrow barely misses the worm.
The worm bites you.
You shoot an arrow. The arrow hits the worm.
The worm is severely wounded.
The worm bites you.
You shoot an arrow. The arrow hits the worm.
The worm is severely wounded.
The worm bites you.
You shoot an arrow. The arrow barely misses the worm.
You shoot an arrow. The arrow hits the worm.
The worm is almost dead.
The worm bites you.
You shoot an arrow. The arrow hits the worm.
The worm is almost dead.
The worm bites you!
You die...

#...................
#.####.........(....
#..##...........
#..######.####....
#..# ##.####.... #..
#####..........
#.[.#......####....
#.....)..%####..# .
....#...@w...#
#(.....####.....
...#### .[. .# .


You could see a worm.

Vanquished Creatures
  A worm (D:2)
  2 dart slugs
  3 bats (D:1)
  7 endoplasms
  2 giant cockroaches (D:1)
  4 goblins
  3 hobgoblins (D:2)
  4 quokkas
  3 ball pythons
  A frilled lizard (D:2)
  3 kobolds (D:1)
  9 rats
42 creatures vanquished.

Notes
Turn   | Place    | Note
-------+----------+-------------------------------------------
     0 | D:1      | qw the Gargoyle Hunter began the quest for the Orb.
     0 | D:1      | Reached XP level 1. HP: 12/12 MP: 1/1
     0 | D:1      | 0 ||| qw: Version: 0.3-a-74-g0d5e918
     0 | D:1      | 0 ||| qw: Game counter: 31
     0 | D:1      | 0 ||| qw: Melee chars always use a shield: true
     0 | D:1      | 0 ||| qw: God list: Okawaru
     0 | D:1      | 0 ||| qw: Allow faded altars: false
     0 | D:1      | 0 ||| qw: Do Orc after clearing Dungeon:15 true
     0 | D:1      | 0 ||| qw: Do second Lair branch before Depths: true
     0 | D:1      | 0 ||| qw: Lair rune preference: random
     0 | D:1      | 0 ||| qw: Goals: Normal
     0 | D:1      | 0 ||| PLANNING D:1-11
   171 | D:1      | Reached XP level 2. HP: 17/17 MP: 2/2
   520 | D:1      | 520 ||| UPGRADING to ring of willpower.
   521 | D:1      | 521 ||| READING scroll labelled TETHRE MASOU.
   522 | D:1      | 522 ||| READING scroll labelled GAFYAZ FOKOANIELAM.
   525 | D:1      | 525 ||| READING scroll labelled BOIPIC MESA.
   526 | D:1      | 526 ||| DROPPING scroll of butterflies.
   529 | D:2      | Found a faded altar of an unknown god.
   534 | D:2      | 534 ||| STAIRDANCE
   544 | D:2      | HP: 1/17 [worm (9)]
   546 | D:2      | Reached XP level 3. HP: 1/21 MP: 3/3
   546 | D:2      | 546 ||| STAIRDANCE
   641 | D:2      | Reached skill level 5 in Ranged Weapons
   973 | D:2      | 973 ||| UPGRADING to amulet of reflection.
   978 | D:2      | 978 ||| READING scroll labelled HOOMAB QAATE.
  1021 | D:3      | 1021 ||| STAIRDANCE
  1056 | D:3      | Identified the +8 spear of the Immovable Demons {heavy,
                  | Int+3}
  1113 | D:3      | Reached skill level 3 in Fighting
  1136 | D:3      | Slain by a worm

Levels and vault maps discovered:
D:1:      heliophobic_arrival_henge, layout_rooms, minmay_misc_feat_more_columns
D:2:      layout_rooms, basic_ecumenical_altar, columned_hall_lemuel
D:3:      layout_rooms, nrook_loot_triangle

Skill      XL: |  1  2  3 |
---------------+----------+-----
Ranged Weapons | 5 |  5.0
Fighting       | 3 |  3.0
Dodging        | |  1.5
Stealth        | |  1.1

Action                     || total
---------------------------++-------
   Fire: Shortbow          ||   128
    Use: Scroll            ||     4
 Armour: Leather armour    ||    17
  Dodge: Dodged            ||    22
  Block: Other             ||     3

Table legend:
 A = Non-vault XP
 B = Vault XP
 C = Vault XP percentage of total XP
 D = Non-vault monster count
 E = Vault monster count
 F = Vault count percentage of total count
                 A         B        C        D         E       F
            +---------+---------+-------+---------+---------+-------
      Total |      75 |       0 |   0.0 |      42 |       0 |   0.0
            +---------+---------+-------+---------+---------+-------
        D:1 |      29 |       0 |   0.0 |      17 |       0 |   0.0
        D:2 |      38 |       0 |   0.0 |      21 |       0 |   0.0
        D:3 |       8 |       0 |   0.0 |       4 |       0 |   0.0
            +---------+---------+-------+---------+---------+-------
